AoeStats
← saschauli

Arena

508225639Analyzed
4v4 RM · 12d ago on Sep 21, 2026· 52m 36s· 8 players
Game mode
Random Map
Map size
Large (8 player)
Population
200
Speed
Normal
Resources
Standard
Victory
Conquest
Starting age
Dark Age
Ending age
Imperial Age
RankedLock teamsTeams togetherTeam positionsShared explorationLock speedFull tech treeHidden civsTurbo modeCheats
Victory
Defeat
🇨🇳 Turks · China
1096
+15
🇹🇼 Vietnamese · Taiwan
1028
+18
🇪🇨 Lithuanians · Ecuador
1027
+18
🇩🇪 Poles · Germany
983
+20
🇹🇼 Wei · Taiwan
1131
-21
🇹🇼 Magyars · Taiwan
1094
-19
🇹🇼 Inca · Taiwan
1073
-18
🇹🇼 Khmer · Taiwan
966
-13
Lordcreos
10:44 Feudal Age
15:02 Castle Age
12:55 Double-Bit Axe
12:54 Horse Collar
15:21 Wheelbarrow
16:51 Fervor
16:42 Loom
19:17 Hand Cart
20:27 Sanctity
30:01 Imperial Age
29:02 Forging
28:58 Scale Barding Armor
29:28 Treadmill Crane
31:48 Iron Casting
31:34 Chain Barding Armor
32:28 Fletching
33:04 Bloodlines
32:54 Husbandry
32:15 Cavalier
32:20 Light Cavalry
33:58 Gold Mining
33:58 Stone Mining
35:04 Bow Saw
35:46 Paladin
37:17 Stone Shaft Mining
38:46 Winged Hussar
43:54 Chemistry
43:32 Onager
47:49 Heavy Plow
49:02 Two-Man Saw
dailing510
10:57 Feudal Age
12:00 Double-Bit Axe
16:58 Castle Age
18:52 Bow Saw
22:19 Horse Collar
24:35 Wheelbarrow
24:03 Stone Mining
25:17 Hand Cart
24:48 Loom
25:22 Hand Cart
27:03 Gold Mining
27:53 Treadmill Crane
31:13 Murder Holes
31:09 Heated Shot
31:40 Ballistics
33:57 Imperial Age
32:24 Squires
33:26 Town Watch
34:07 Fortified Wall
35:05 Paper Money
36:06 Two-Man Saw
35:43 Stone Shaft Mining
36:51 Chemistry
36:13 Fletching
36:24 Padded Archer Armor
38:00 Illumination
41:37 Theocracy
40:40 Onager
43:18 Block Printing
43:12 Elite Rattan Archer
43:31 Pikeman
43:57 Arson
46:29 Town Patrol
48:05 Halberdier
48:57 Bodkin Arrow
49:17 Leather Archer Armor
趣味鸡动哥
11:16 Feudal Age
15:20 Castle Age
13:38 Double-Bit Axe
13:36 Horse Collar
16:35 Bow Saw
16:27 Heavy Plow
17:11 Wheelbarrow
21:07 Hand Cart
24:05 Stone Mining
26:27 Gold Mining
31:11 Imperial Age
28:26 Loom
28:27 Town Watch
29:36 Ballistics
28:58 Treadmill Crane
29:30 Fortified Wall
30:27 Scale Barding Armor
30:24 Padded Archer Armor
30:14 Fletching
30:24 Scale Mail Armor
30:35 Forging
31:18 Elite Janissary
32:19 Conscription
32:20 Bloodlines
32:30 Leather Archer Armor
33:14 Gold Shaft Mining
32:50 Husbandry
34:30 Ring Archer Armor
35:46 Murder Holes
36:01 Masonry
38:16 Chain Barding Armor
38:32 Iron Casting
37:52 Bodkin Arrow
38:13 Heavy Camel Rider
39:33 Plate Barding Armor
40:09 Hoardings
40:51 Artillery
42:58 Architecture
42:50 Bombard Tower
48:44 Town Patrol
51:37 Capped Ram
saschauli
10:09 Feudal Age
10:45 Double-Bit Axe
10:54 Stone Mining
10:48 Horse Collar
18:41 Castle Age
16:50 Gold Mining
18:11 Forging
19:54 Fletching
23:07 Stone Shaft Mining
28:45 Imperial Age
27:34 Iron Casting
27:06 Scale Barding Armor
27:34 Light Cavalry
28:31 Bloodlines
28:50 Husbandry
31:21 Squires
31:50 Heavy Plow
32:11 Scale Mail Armor
33:41 Crop Rotation
33:34 Chain Mail Armor
33:56 Winged Hussar
35:17 Chain Barding Armor
38:21 Wheelbarrow
37:32 Loom
39:19 Blast Furnace
40:16 Plate Mail Armor
41:47 Bodkin Arrow
43:03 Bracer
49:31 Conscription
50:08 Hand Cart
49:20 Elite Obuch
terrychung1203
11:35 Feudal Age
13:21 Loom
17:25 Castle Age
18:23 Double-Bit Axe
19:32 Bow Saw
19:06 Horse Collar
22:22 Stone Mining
23:42 Heavy Plow
24:34 Gold Mining
25:32 Wheelbarrow
26:55 Hand Cart
29:46 Gold Shaft Mining
31:39 Fletching
34:41 Imperial Age
33:21 Ballistics
32:58 Bodkin Arrow
34:30 Padded Archer Armor
34:53 Elite Ballista Elephant
36:41 Chemistry
35:44 Bracer
36:00 Leather Archer Armor
38:55 Crop Rotation
40:22 Ring Archer Armor
48:35 Fortified Wall
qwe7377984
9:52 Feudal Age
15:53 Castle Age
15:35 Double-Bit Axe
15:34 Horse Collar
16:00 Stone Mining
17:15 Wheelbarrow
17:33 Loom
18:31 Heavy Plow
19:08 Town Watch
19:51 Gold Mining
23:58 Fervor
25:31 Hand Cart
30:10 Imperial Age
28:34 Light Cavalry
29:25 Bloodlines
30:20 Tuntian
31:32 Bow Saw
31:15 Hussar
33:01 Gold Shaft Mining
33:05 Town Patrol
33:29 Scale Barding Armor
33:35 Forging
35:54 Conscription
35:50 Fletching
36:21 Chain Barding Armor
38:12 Iron Casting
37:33 Bodkin Arrow
38:24 Crop Rotation
38:35 Stone Shaft Mining
38:02 Treadmill Crane
38:18 Murder Holes
38:38 Husbandry
40:07 Parthian Tactics
40:50 Padded Archer Armor
40:50 Bracer
41:52 Leather Archer Armor
43:16 Ballistics
43:57 Chemistry
愛情小坦克
9:20 Loom
12:10 Feudal Age
13:00 Double-Bit Axe
13:09 Horse Collar
17:05 Gold Mining
20:28 Castle Age
18:20 Stone Mining
19:14 Forging
19:04 Scale Mail Armor
20:12 Champi Runner
23:29 Wheelbarrow
24:21 Iron Casting
24:01 Chain Mail Armor
24:12 Squires
28:27 Hand Cart
28:13 Champi Warrior
32:36 Imperial Age
32:25 Bow Saw
32:17 Heavy Plow
33:22 Gold Shaft Mining
32:59 Arson
34:17 Crop Rotation
35:47 Blast Furnace
35:17 Plate Mail Armor
36:27 Chemistry
35:38 Fortified Wall
35:49 Ballistics
35:44 Fortified Wall
39:29 Fabric Shields
40:16 Pikeman
40:16 Elite Champi Warrior
41:26 Halberdier
42:19 Elite Kamayuk
46:43 Conscription
中山沙口
11:18 Feudal Age
15:16 Castle Age
13:43 Double-Bit Axe
14:20 Loom
14:43 Horse Collar
16:19 Bow Saw
19:21 Stone Mining
19:24 Gold Mining
19:47 Scale Barding Armor
28:01 Wheelbarrow
29:46 Chain Barding Armor
29:41 Heavy Plow
34:04 Imperial Age
32:02 Bloodlines
32:43 Hand Cart
32:59 Husbandry
34:17 Light Cavalry
36:25 Cavalier
37:49 Hussar
Connection lost

Rejoining the realm…

Still unreachable

The connection could not be restored.

Session expired

The server has moved on; the page needs a fresh start.